AoeStats
← NIKTOU

Arabia

510550918Analyzed
1v1 RM · 2d ago on Oct 1, 2026· 31m 54s· 2 players
Game mode
Random Map
Map size
Tiny (2 player)
Population
200
Speed
Normal
Resources
Standard
Victory
Conquest
Starting age
Dark Age
Ending age
Imperial Age
RankedLock teamsTeams togetherTeam positionsShared explorationLock speedFull tech treeHidden civsTurbo modeCheats
Victory
Defeat
🇩🇪 Saxons · Germany
1365
+14
🇫🇷 Magyars · France
1329
-14
NIKTOU
5:58 Loom
8:59 Feudal Age
20:29 Castle Age
20:14 Gold Mining
20:11 Double-Bit Axe
20:34 Fletching
21:21 Bodkin Arrow
22:00 Horse Collar
26:38 Bloodlines
27:01 Scale Barding Armor
29:29 Town Watch
30:40 Wheelbarrow
WaCCos
6:00 Loom
9:08 Feudal Age
10:05 Double-Bit Axe
13:16 Fletching
20:02 Horse Collar
21:45 Arson
24:09 Castle Age
22:45 Scale Mail Armor
23:41 Forging
24:22 Padded Archer Armor
24:16 Elite Skirmisher
25:02 Thumb Ring
26:09 Bodkin Arrow
27:12 Leather Archer Armor
27:00 Crossbowman
28:07 Ballistics
30:09 Squires
29:54 Gambesons
30:28 Chain Mail Armor
Connection lost

Rejoining the realm…

Still unreachable

The connection could not be restored.

Session expired

The server has moved on; the page needs a fresh start.